 Dungeon Crawl Stone Soup version 0.32-a0-172-gc5dd13f2a7 (webtiles) character file.

Game seed: 10490461860911108658

135 sasquatch the Trooper (level 5, 0/34 (43) HPs)
             Began as a Formicid Fighter on Feb 13, 2024.
             Slain by Terence
             ... wielding a +1 flail of draining
              (7 damage)
             ... on level 3 of the Dungeon.
             The game lasted 00:02:07 (2057 turns).

sasquatch the Trooper (Formicid Fighter)            Turns: 2057, Time: 00:02:07

HP:   0/34 (43)     AC:  6    Str: 22    XL:     5   Next: 41%
MP:   5/5           EV:  9    Int:  8    God:
Gold: 188           SH:  5    Dex: 13    Spells: 4/4 levels left

rFire   . . .        a - +0 war axe
rCold   . . .        c - +0 buckler
rNeg    . . .        b - +0 scale mail
rPois   .            (helmet unavailable)
rElec   .            (no cloak)
rCorr   .            (no gloves)
SInv    +            (no boots)
Will    .....        (no amulet) Stlth
                     (no ring)
HPRegen 0.25/turn    (no ring)
MPRegen 0.09/turn

%: no passive effects
@: heavily drained
A: permanent stasis, dig shafts and tunnels, antennae 3, four strong arms
a: Dig, Shaft Self


You were on level 3 of the Dungeon.
You visited 1 branch of the dungeon, and saw 3 of its levels.

You collected 188 gold pieces.

Inventory:

Hand Weapons
 a - a +0 war axe (weapon)
Armour
 b - a +0 scale mail (worn)
 c - a +0 buckler (worn)
Wands
 n - a wand of flame (11)
Scrolls
 e - 4 scrolls of identify {unknown}
 g - a scroll of vulnerability {unknown}
 h - 3 scrolls of teleportation {unknown}
 i - 2 scrolls of torment {unknown}
 j - 2 scrolls of fog {unknown}
 m - a scroll of noise {unknown}
Potions
 d - a potion of might
 f - a potion of brilliance {unknown}
 k - a potion of mutation {unknown}
 l - a potion of heal wounds {unknown}
 o - a potion of curing {unknown}


   Skills:
 + Level 4.5 Fighting
 * Level 4.3 Axes
 - Level 3.2 Armour
 - Level 4.0 Shields


You had 4 spell levels left.
You didn't know any spells.
Your spell library contained the following spells:

 Spells                   Type           Power      Damage    Failure   Level
 Kiss of Death            Conj/Necr      0%         2d5       80%         1
 Confusing Touch          Hex            0%         N/A       99%         3
 Volatile Blastmotes      Fire/Tloc      0%         2d10      99%         3
 Dispel Undead            Necr           0%         3d6       100%        4
 Fulminant Prism          Conj/Alch      0%         3d5       100%        4
 Iskenderun's Mystic Bla  Conj/Tloc      0%         2d3       100%        4


Dungeon Overview and Level Annotations

Branches:
Dungeon (3/15)

Altars:

Shops:
D:2 [

Annotations:
D:3 Terence


Innate Abilities, Weirdness & Mutations

You cannot be hasted, slowed, berserked, paralysed or teleported.
You can dig through walls and to a lower floor.
You have a pair of large antennae on your head. (SInv)
Your four strong arms can wield two-handed weapons with a shield.


Message History

You hit Terence.
Terence is lightly wounded.
Terence hits you with a +1 flail of draining.
You feel drained.
You closely miss Terence.
Terence is lightly wounded.
Terence closely misses you.
You hit Terence but do no damage.
Terence is lightly wounded.
Terence hits you with a +1 flail of draining!
You feel drained.
You hit Terence but do no damage.
Terence is lightly wounded.
You block Terence's attack. Terence barely misses you.
You slash Terence!
Terence is moderately wounded.
Terence shouts, "DIE!!!"
You block Terence's attack.
You barely miss Terence.
Terence is moderately wounded.
Terence barely misses you.
You slash Terence!
Terence is severely wounded.
Terence barely misses you.
Terence hits you with a +1 flail of draining!
You feel drained.
You hit Terence but do no damage.
Terence is severely wounded.
Terence hits you but does no damage.
You feel drained.
You hit Terence.
Terence is almost dead.
Terence hits you with a +1 flail of draining!
* * * LOW HITPOINT WARNING * * *
You feel drained.
* * * LOW HITPOINT WARNING * * *
You hit Terence but do no damage.
Terence is almost dead.
Terence hits you with a +1 flail of draining!
You die...
Terence says, "That felt goooood."

.........# #.#.#.......#.#.##.#
.........#####.#.##.#.####.#.##.#
...............#.........<.#....#
#..............#.###.#####.######
.#..###........#.##≈.≈####.......
.#.. #............≈.≈..#########
.... #........#.##≈.≈#.# .#
#........#.##≈≈≈#.#
#........#@###.## # ##########@#
#.. #.# ### #.# #.#
g.#######.######.#
...@.............#
...##..########### ....#


You could see Terence.

Vanquished Creatures
  A hound (D:3)
  An orc wizard (D:3)
  2 adders
  A dart slug (D:2)
  2 ribbon worms
  2 orcs (D:3)
  4 bats (D:1)
  5 endoplasms
  3 giant cockroaches
  8 goblins
  5 hobgoblins
  3 kobolds (D:1)
  2 quokkas
  5 ball pythons
  4 frilled lizards
  3 rats
51 creatures vanquished.

Notes
Turn   | Place    | Note
-------+----------+-------------------------------------------
     0 | D:1      | sasquatch the Formicid Fighter began the quest for the Orb.
     0 | D:1      | Reached XP level 1. HP: 18/18 MP: 1/1
    57 | D:1      | Reached XP level 2. HP: 24/24 MP: 2/2
   316 | D:1      | Reached XP level 3. HP: 24/30 MP: 3/3
  1070 | D:2      | Reached XP level 4. HP: 23/37 MP: 4/4
  1254 | D:2      | Found Juorphing's Armour Shop.
  1552 | D:3      | Reached XP level 5. HP: 16/43 MP: 5/5
  2032 | D:3      | Noticed Terence
  2057 | D:3      | Slain by Terence

Illustrated notes

Levels and vault maps discovered:
D:1:      dpeg_arrival_round_b, layout_loops_ring, minmay_tromino_v7
D:2:      layout_loops_cross, serial_shops, nicolae_lakefront_shop,
          serial_glass, glass_columns_c, glass_columns_c
D:3:      layout_basic, shapermc_ecumenical_altar_starsandcircs,
          chequers_serial_rivers_micro_d, roderic_roman_lattice, uniq_terence

Skill      XL: |  1  2  3  4 |
---------------+-------------+-----
Axes           | 3 4 |  4.3
Fighting       | 4 |  4.5
Armour         | |  3.2
Shields        | |  4.0

Action                     |  1- 3 |  4- 6 || total
---------------------------+-------+-------++-------
  Melee: War axe           |    85 |    64 ||   149
 Armour: Scale mail        |    58 |    49 ||   107
  Dodge: Dodged            |    26 |    30 ||    56
  Block: Buckler           |    18 |    12 ||    30

Table legend: (Time is in decaauts)
 A = Elapsed time spent in this place.
 B = Non-inter-level travel time spent in this place.
 C = Inter-level travel time spent in this place.
 D = Time resting spent in this place.
 E = Time spent auto-exploring this place.
 F = Levels seen in this place.
 G = Mean time per level.
                   A        B        C        D        E       F      G
               +--------+--------+--------+--------+--------+-----+--------+
         Total |   2109 |   2010 |     99 |     61 |   1552 |   3 |  703.0 |
       Dungeon |   2109 |   2010 |     99 |     61 |   1552 |   3 |  703.0 |
               +--------+--------+--------+--------+--------+-----+--------+

Top non-repeatable levels by time:
     D:2: 825 daAuts
     D:1: 666 daAuts
     D:3: 616 daAuts
